 Dungeon Crawl Stone Soup version 0.29-a0-222-g5b244fca1f (webtiles) character file.

Game seed: 185223457457176326

266 dolemite99 the Vexing (level 6, 0/47 HPs)
             Began as a Gnoll Arcane Marksman on Feb 28, 2022.
             Was a Believer of Kikubaaqudgha.
             Succumbed to a scorpion's poison
             ... on level 4 of the Dungeon.
             The game lasted 00:06:57 (7025 turns).

dolemite99 the Vexing (Gnoll Arcane Marksman)       Turns: 7025, Time: 00:06:58

Health: 0/47       AC:  2    Str: 11    XL:     6   Next: 20%
Magic:  10/11      EV: 13    Int: 13    God:    Kikubaaqudgha [**....]
Gold:   67         SH:  0    Dex: 12    Spells: 9/11 levels left

rFire   . . .      SeeInvis .   b - +1 dagger (elec)
rCold   . . .      Faith    .   (no shield)
rNeg    . . .      Spirit   .   h - +0 robe
rPois   .          Reflect  .   (no helmet)
rElec   .          Harm     .   (no cloak)
rCorr   .          Rampage  .   (no gloves)
Will    .....                   (no boots)
Stlth   ++........              (no amulet)
HPRegen 0.15/turn               (no ring)
MPRegen 0.12/turn               (no ring)

@: lethally poisoned (0 -> -9)
A: fangs 1, strong nose, distributed training
a: Renounce Religion, Receive Corpses


You were on level 4 of the Dungeon.
You worshipped Kikubaaqudgha.
Kikubaaqudgha was pleased with you.
You visited 1 branch of the dungeon, and saw 4 of its levels.
You also visited: Ossuary.

You collected 130 gold pieces.
You spent 63 gold pieces at shops.

Inventory:

Hand Weapons
 a - a +0 hand crossbow
 b - a +1 dagger of electrocution (weapon)
 j - a +2 dagger of venom
 l - a +2 hunting sling of flaming
 m - a +2 trident of venom
Missiles
 o - 5 boomerangs
Armour
 g - a +0 ring mail
 h - a +0 robe (worn)
 k - a +0 scale mail
Jewellery
 p - a ring of fire
 q - an amulet of guardian spirit
Scrolls
 c - 3 scrolls of immolation
 e - a scroll of noise
 f - 3 scrolls of teleportation
Potions
 d - 2 potions of flight
 i - a potion of mutation
 n - a potion of invisibility


   Skills:
 + Level 3.2 Fighting
 + Level 1.8 Short Blades
 + Level 1.8 Long Blades
 + Level 1.8 Axes
 + Level 1.8 Maces & Flails
 + Level 1.8 Polearms
 + Level 1.8 Staves
 + Level 1.8 Slings
 + Level 1.8 Bows
 + Level 4.9 Crossbows
 + Level 1.8 Throwing
 + Level 1.8 Armour
 + Level 4.9 Dodging
 + Level 1.8 Stealth
 + Level 1.8 Shields
 + Level 1.8 Unarmed Combat
 + Level 3.3 Spellcasting
 + Level 1.4 Conjurations
 + Level 5.6 Hexes
 + Level 1.4 Summonings
 + Level 1.4 Necromancy
 + Level 1.4 Translocations
 + Level 1.4 Transmutations
 + Level 1.4 Fire Magic
 + Level 1.4 Ice Magic
 + Level 1.4 Air Magic
 + Level 1.4 Earth Magic
 + Level 1.4 Poison Magic
 + Level 2.0 Invocations
 + Level 1.8 Evocations


You had 9 spell levels left.
You knew the following spells:

 Your Spells              Type           Power      Damage    Failure   Level
a - Slow                  Hex            64%        N/A       2%          1
b - Animate Skeleton      Necr           12%        N/A       12%         1

Your spell library contained the following spells:

 Spells                   Type           Power      Damage    Failure   Level
 Inner Flame              Hex/Fire       11%        N/A       16%         3
 Portal Projectile        Hex/Tloc       22%        N/A       16%         3
 Sublimation of Blood     Necr           6%         N/A       19%         2
 Cause Fear               Hex            8%         N/A       22%         4
 Vampiric Draining        Necr           6%         2d6       36%         3
 Agony                    Necr           6%         N/A       98%         5


Dungeon Overview and Level Annotations

Branches:
Dungeon (4/15)            Ossuary (visited)
 Temple: D:4-7

Altars:
Kikubaaqudgha

Shops:
D:1 [[:?[   D:2 ?


Innate Abilities, Weirdness & Mutations

You have very sharp teeth.
Your uncanny sense of smell can sniff out nearby items.
Your experience applies equally to all skills.


Message History

b - a +1 dagger of electrocution (weapon)
You barely miss the scorpion. Your bite misses the scorpion.
The scorpion barely misses you.
Casting: Slow (safe; 2% risk of failure)
Confirm with . or Enter, or press ? or * to list all spells.
Aiming: Slow (safe; 2% risk of failure)
Press: ? - help, Shift-Dir - straight line, f/p - scorpion
Aim: a scorpion (chance to affect: 55%)
The scorpion seems to slow down.
The scorpion barely misses you.
Casting: Slow (safe; 2% risk of failure)
Confirm with . or Enter, or press ? or * to list all spells.
Aiming: Slow (safe; 2% risk of failure)
Press: ? - help, Shift-Dir - straight line, f/p - scorpion
Aim: a scorpion (slow, chance to affect: 55%)
The scorpion seems to slow down.
The scorpion stings you.
You hit the scorpion but do no damage. The scorpion stings you!
You are poisoned.
The scorpion poisons you!
You barely miss the scorpion. Your bite misses the scorpion.
You feel very sick.
You hit the scorpion but do no damage.
You feel sick. The scorpion stings you.
You barely miss the scorpion.
You feel sick. The scorpion stings you!
* * * LOW HITPOINT WARNING * * *
You are lethally poisoned!
The scorpion poisons you!
You hit the scorpion but do no damage.
* * * LOW HITPOINT WARNING * * *
You feel very sick.
You hit the scorpion but do no damage. Your bite misses the scorpion.
* * * LOW HITPOINT WARNING * * *
You feel very sick. The scorpion barely misses you.
You hit the scorpion.
The scorpion is lightly wounded.
* * * LOW HITPOINT WARNING * * *
You feel sick. The scorpion barely misses you.
You hit the scorpion but do no damage.
The scorpion is lightly wounded.
You die...
Kikubaaqudgha rasps: "You have failed me!
Welcome... death!"

...####... #.#.#.....
#####.#....##.#.#.#....#
#.............#.#.#.....
#.##.##†#######.#.......
#...............##......
#....#.###########......
#.#.####......######......
#.........###.#...........
###.#####@# #.#######...
#...s.# #.#######...
#.##### #.....[##...
#####....### #....#
#....### #...†... #.......
#.......


You could see a scorpion (slow).

Vanquished Creatures
  A scorpion (D:4)
  An orc wizard (D:3)
  A mummy (D:4)
  5 adders
  4 gnolls (D:2)
  A worm zombie (D:4)
  3 worms
  3 orcs (D:3)
  4 ball pythons
  7 endoplasms
  4 giant cockroaches
  8 goblins
  5 hobgoblins
  4 jackals (D:4)
  3 quokkas
  6 bats
  A frilled lizard (D:3)
  A gnoll zombie (Ossuary)
  4 kobolds
  A kobold zombie (Ossuary)
  7 rats
74 creatures vanquished.

Notes
Turn   | Place    | Note
-------+----------+-------------------------------------------
     0 | D:1      | dolemite99 the Gnoll Arcane Marksman began the quest for
                  | the Orb.
     0 | D:1      | Reached XP level 1. HP: 17/17 MP: 4/4
   115 | D:1      | Reached XP level 2. HP: 23/23 MP: 5/5
   252 | D:1      | Found Veogriudgh's Armour Emporium.
   308 | D:1      | Found a faded altar of an unknown god.
   570 | D:1      | Prayed at the altar of an unknown god.
   570 | D:1      | Became a worshipper of Kikubaaqudgha
   570 | D:1      | Reached * piety under Kikubaaqudgha
   570 | D:1      | Received a gift from Kikubaaqudgha
   677 | D:1      | Learned a level 1 spell: Animate Skeleton
   721 | D:1      | Found Pekiqam's Antique Armour Shoppe.
   779 | D:1      | Found Ahuh's Antique Armour Boutique.
   932 | D:1      | Found Izuhil's Magic Scroll Shop.
   937 | D:1      | Bought a scroll of teleportation for 39 gold pieces
   991 | D:1      | Found Jozuceit's Book Boutique.
  1057 | D:1      | Reached XP level 3. HP: 25/28 MP: 7/7
  1699 | D:2      | Reached skill level 1 in Invocations
  2248 | D:2      | Reached skill level 1 in Short Blades
  2248 | D:2      | Reached skill level 1 in Long Blades
  2248 | D:2      | Reached skill level 1 in Axes
  2248 | D:2      | Reached skill level 1 in Maces & Flails
  2248 | D:2      | Reached skill level 1 in Polearms
  2248 | D:2      | Reached skill level 1 in Staves
  2248 | D:2      | Reached skill level 1 in Slings
  2248 | D:2      | Reached skill level 1 in Bows
  2248 | D:2      | Reached skill level 1 in Throwing
  2248 | D:2      | Reached skill level 1 in Armour
  2248 | D:2      | Reached skill level 1 in Stealth
  2248 | D:2      | Reached skill level 1 in Shields
  2248 | D:2      | Reached skill level 1 in Unarmed Combat
  2248 | D:2      | Reached skill level 1 in Evocations
  2332 | D:2      | Reached XP level 4. HP: 34/34 MP: 8/8
  2409 | D:2      | Found Merurphir's Magic Scroll Shop.
  2675 | D:2      | Bought a scroll of identify for 24 gold pieces
  2911 | D:2      | Reached skill level 1 in Conjurations
  2911 | D:2      | Reached skill level 1 in Summonings
  2911 | D:2      | Reached skill level 1 in Necromancy
  2911 | D:2      | Reached skill level 1 in Translocations
  2911 | D:2      | Reached skill level 1 in Transmutations
  2911 | D:2      | Reached skill level 1 in Fire Magic
  2911 | D:2      | Reached skill level 1 in Ice Magic
  2911 | D:2      | Reached skill level 1 in Air Magic
  2911 | D:2      | Reached skill level 1 in Earth Magic
  2911 | D:2      | Reached skill level 1 in Poison Magic
  3577 | D:3      | Reached XP level 5. HP: 30/40 MP: 6/9
  3656 | D:3      | Reached ** piety under Kikubaaqudgha
  6160 | D:4      | Found a sand-covered staircase.
  6188 | Ossuary  | Entered an ossuary
  6456 | D:4      | Reached XP level 6. HP: 14/47 MP: 9/11
  7024 | D:4      | HP: 2/47 [poisoned by a scorpion]
  7025 | D:4      | Succumbed to a scorpion's poison

Illustrated notes

Levels and vault maps discovered:
D:1:      sevenhm_arrival_forest_fort_small_6, layout_loops_corners,
          serial_shops, shop, nicolae_square_shop, nicolae_shop_crystal,
          nicolae_shop_hallway_plus, shop, shapermc_ecumenical_altar_venn,
          chequers_serial_rivers_micro_a, kennysheep_decorative_pillar
D:2:      layout_basic, serial_shops, shop_scrolls
D:3:      layout_basic
D:4:      layout_basic, gup_sewer_entry_pipe, enter_ossuary_3

Skill      XL: |  1  2  3  4  5 |
---------------+----------------+-----
Invocations    | 1 2 |  2.0
Short Blades   | 1 |  1.8
Long Blades    | 1 |  1.8
Axes           | 1 |  1.8
Maces & Flails | 1 |  1.8
Polearms       | 1 |  1.8
Staves         | 1 |  1.8
Slings         | 1 |  1.8
Bows           | 1 |  1.8
Throwing       | 1 |  1.8
Armour         | 1 |  1.8
Stealth        | 1 |  1.8
Shields        | 1 |  1.8
Unarmed Combat | 1 |  1.8
Evocations     | 1 |  1.8
Spellcasting   | 3 |  3.3
Conjurations   | 1 |  1.4
Summonings     | 1 |  1.4
Necromancy     | 1 |  1.4
Translocations | 1 |  1.4
Transmutations | 1 |  1.4
Fire Magic     | 1 |  1.4
Ice Magic      | 1 |  1.4
Air Magic      | 1 |  1.4
Earth Magic    | 1 |  1.4
Poison Magic   | 1 |  1.4
Fighting       | 3 |  3.2
Crossbows      | |  4.9
Dodging        | |  4.9
Hexes          | |  5.6

Action                   |  1- 3 |  4- 6 || total
-------------------------+-------+-------++-------
Melee: Trident           |     3 |       ||     3
       Dagger            |       |    72 ||    72
       Bite              |       |     7 ||     7
       Hand crossbow     |       |     1 ||     1
       Punch             |       |     1 ||     1
 Fire: Hand crossbow     |   103 |   158 ||   261
 Cast: Slow              |     5 |    23 ||    28
       Animate Skeleton  |       |     1 ||     1
  Use: Scroll            |     2 |    10 ||    12
       Potion            |       |     3 ||     3
Armor: Robe              |     8 |     9 ||    17
Dodge: Dodged            |    35 |    96 ||   131

Table legend: (Time is in decaauts)
 A = Elapsed time spent in this place.
 B = Non-inter-level travel time spent in this place.
 C = Inter-level travel time spent in this place.
 D = Time resting spent in this place.
 E = Time spent auto-exploring this place.
 F = Levels seen in this place.
 G = Mean time per level.
                   A        B        C        D        E       F      G
               +--------+--------+--------+--------+--------+-----+--------+
         Total |   7080 |   6901 |    179 |   3638 |   2304 |   5 | 1416.0 |
       Dungeon |   7059 |   6880 |    179 |   3636 |   2304 |   4 | 1764.8 |
       Ossuary |     21 |     21 |      0 |      2 |      0 |   1 |   21.0 |
               +--------+--------+--------+--------+--------+-----+--------+

Top non-repeatable levels by time:
     D:2: 2912 daAuts
     D:3: 1984 daAuts
     D:1: 1269 daAuts
     D:4: 892 daAuts
 Ossuary: 21 daAuts
